Croesus, chaotic female elven Ranger -+------ |.h.%.%. ----- |G.Gh[[| |....# |..@...| |.<.|# -.--.--- |...|# ## -----# # # # ####### # # # # # # # ---------.----- # |.............| # |.............| ###|.............| #..............| |.............. --------------- Croesus the Lookout Experience level: 5 Strength: 15 Dexterity: 11 Constitution: 15 Intelligence: 13 Wisdom: 14 Charisma: 9 Health: 0(31) Energy: 35(35) Def: 4 Gold: 390 Moves: 2371 Dungeon seed: X5pAGWWo9APKxGM9 Game ID: Croesus_1562049864 Your Inventory: Weapons a - 36 uncursed +0 elven arrows (in quiver) c - 56 uncursed +2 elven arrows d - an uncursed +1 elven dagger (weapon in hand) e - an uncursed +1 elven bow (alternate weapon; not wielded) i - 2 uncursed +0 orcish daggers u - an uncursed +0 dagger Armor b - an uncursed +2 elven cloak (being worn) y - an uncursed +0 dwarvish cloak N - an uncursed +0 orcish helm (being worn) Y - an uncursed +0 orcish shield Comestibles f - 3 uncursed lembas wafers Scrolls x - a blessed scroll of amnesia F - an uncursed scroll of taming Potions H - an uncursed potion of invisibility Tools h - an uncursed tin opener k - an uncursed lock pick m - an uncursed magic lamp q - an uncursed tin whistle w - an uncursed brass lantern (0:1170) D - an uncursed lock pick Gems n - 2 uncursed garnet stones r - an uncursed topaz stone z - 2 uncursed worthless pieces of red glass Coins $ - 390 gold pieces Spells and supernatural/magical abilities: Name Level Category Cost Memory s - slow monster 2 enchantment 2000pw 98% w - wizard lock 2 matter 2000pw 100% W - pray for help -- divine ? -- Your skills at the end: Fighting Skills wands [Basic] Weapon Skills dagger [Skilled] bow [Basic] Spellcasting Skills Final Attributes: You were piously aligned. You were immune to sleep. You saw invisible. You had automatic searching. You had infravision. You were stealthy. You were lucky. Mars was slightly pleased with you. You are dead. Vanquished creatures: a bugbear 2 Mordor orcs a rock piercer a rock mole a pony a fog cloud a giant ant a little dog 3 iguanas a coyote a gas spore a hobbit 5 hobgoblins a green mold a red mold a gecko 2 jackals a fox 2 kobolds 3 goblins 4 sewer rats 3 grid bugs 3 lichens 3 kobold zombies a newt 45 creatures vanquished. Voluntary challenges: You used a wielded weapon 91 times, starting on turn 150. You read items or engraved 7 times, starting on turn 846. You never genocided any monsters. You never polymorphed an object. You never changed form. You used no wishes. You never split a pudding. You never wrote Elbereth's name. You never violated your personal moral code. Dungeon overview: The Dungeons of Doom: levels 1 to 6 Level 1 some fountains a long staircase Level 2 a hardware shop, an altar to Venus Level 3 Level 4 a general store, an altar to Mars, some fountains Level 5 Level 6 <- You were here a throne History has recorded: On T:1 you entered the Dungeons of Doom to retrieve the Amulet of Yendor! On T:376 you reached level 2 of The Dungeons of Doom. On T:593 you advanced to experience level 2. On T:852 you reached level 3 of The Dungeons of Doom. On T:891 you reached level 4 of The Dungeons of Doom. On T:893 you advanced to experience level 3. On T:1516 you advanced to experience level 4. On T:1788 you reached level 5 of The Dungeons of Doom. On T:2011 you reached level 6 of The Dungeons of Doom. On T:2100 you advanced to experience level 5. Score breakdown: Gold: 390 ( 8817 points) Experience: 5 levels (11141 points) Exploration: 6 levels ( 13.04%) (10000 points) Discoveries: 8 items ( 2.71%) ( 4940 points) Valuables value: (no points given unless you survive) Artifact value: 0 ( 0 points) Variety of kills: 25 monsters ( 6.58%) ( 7694 points) Turncount: 2371 turns ( -252 points) Survival: died (score multiplied by 80%) Total score: 33872 Latest messages: The bugbear hits! You miss the bugbear. You hit the bugbear! The bugbear hits! You hit the bugbear! The bugbear hits! You hit the bugbear! The bugbear hits! You kill the bugbear! You see here a male bugbear corpse. You see here a male goblin corpse. There are a few objects here. You hit the gnome lady. The gnome lady zaps a long wand! The magic missile hits you! The magic missile bounces! The magic missile hits you! Elf is about to die. The magic missile hits the gnome lady! The magic missile bounces! You write in the dust with your fingers. You add to the writing in the dust with your fingers. The gnome lady zaps a wand of magic missile! The magic missile hits you! You die... For some reason, you think that you can almost hear the Wizard laugh manically... Final status: Goodbye Croesus the Ranger, killed by a magic missile... You died in The Dungeons of Doom on dungeon level 6 with 33872 points, and 390 pieces of gold, after 2371 moves. You were level 5 with a maximum of 31 hit points when you died.